Cogmind - Beta 16.1 @@@ ROGUE MODE // 2026.05.01 @ 09:03:19 Player: SuperSwiss Result: Self-destructed Performance ------------- Evolutions (1) 500 Regions Visited (2) 400 Robots Destroyed (35) 175 Value Destroyed (864) 864 Prototype IDs (3) 60 Alien Tech Used (0) 0 Bonus (0) 0 TOTAL SCORE: 1999 Bonus ------- None Cogmind --------- Core Integrity 292/400 Matter 300/300 Energy 125/125 System Corruption 0% Temperature Cool (0) Movement Rolling (125) Ox2 Location -9/Materials Parts ------- > --- POWER (1) -------- Light Ion Engine > --- PROPULSION (3) --- Light Treads Compact Wheel Armored Wheel > --- UTILITY (3) ------ High-capacity Storage Unit Seismic Detector Medium Armor Plating > --- WEAPON (2) ------- Heavy Assault Rifle Improved Assault Rifle > --- INVENTORY (20) --- Light Treads Compact Wheel Compact Wheel Large Battery (200) Structural Scanner Terrain Scanner Seismic Detector Melee Analysis Suite Core Shielding Assault Rifle Assault Rifle Heavy Assault Rifle Heavy Assault Rifle Improved Assault Rifle Rocket Launcher Rocket Launcher Rocket Launcher Rocket Launcher Plasma Cutter Katana Peak State ------------ > --- POWER ------------ Light Nuclear Core > --- PROPULSION ------- Light Treads Compact Wheel Armored Wheel > --- UTILITY ---------- High-capacity Storage Unit Seismic Detector Weapon Shielding > --- WEAPON ----------- Heavy Assault Rifle Katana > --- INVENTORY -------- Light Ion Engine Light Treads Wheel Structural Scanner Terrain Scanner Seismic Detector Melee Analysis Suite Core Shielding Medium Armor Plating Assault Rifle Assault Rifle Assault Rifle Assault Rifle Rocket Launcher Rocket Launcher Rocket Launcher Rocket Launcher Plasma Cutter [Rating: 17] Favorites ----------- Power Ion Engine Engine Ion Engine Power Core Light Nuclear Core Propulsion Compact Wheel Treads Light Treads Wheel Compact Wheel Utility Seismic Detector Device Seismic Detector Storage High-capacity Storage Unit Protection Weapon Shielding Weapon Assault Rifle Energy Gun Medium Laser Ballistic Gun Assault Rifle Launcher Rocket Launcher Slashing Weapon Katana Build | -11 -10 -9 ------- Run | Yrd Mat Mat Slots Evolved 2 | . . 2 Power . | . . . Propulsion 1 | . . 1 Utility 1 | . . 1 Weapon . | . . . Parts Attached 29 | 7 7 15 Power 3 | 1 1 1 Engine 2 | 1 . 1 Core 1 | . 1 . Reactor . | . . . Propulsion 7 | 2 . 5 Treads 1 | . . 1 Leg . | . . . Wheel 6 | 2 . 4 Hover . | . . . Flight . | . . . Utility 6 | 2 2 2 Device 2 | 1 1 . Storage 2 | 1 1 . Processor . | . . . Hackware . | . . . Protection 2 | . . 2 Artifact . | . . . Weapon 13 | 2 4 7 Energy Gun 1 | 1 . . Energy Cannon . | . . . Ballistic Gun 9 | 1 4 4 Ballistic Cannon . | . . . Launcher 2 | . . 2 Special Weapon . | . . . Impact Weapon . | . . . Slashing Weapon 1 | . . 1 Piercing Weapon . | . . . Special Melee Weapon . | . . . Unidentified Prototypes 1 | . . 1 Parts Lost 7 | . 2 5 Power 2 | . 1 1 Propulsion 3 | . . 3 Utility 1 | . . 1 Weapon 1 | . 1 . Highest Loss Streak 2 | . 1 2 To Critical Strikes . | . . . Average Backups 11 | 3 7 16 Power 1 | . 1 . Propulsion 2 | 1 3 2 Utility 2 | . 1 5 Weapon 4 | . 1 7 Tool/Special . | . . . Unused Backups 17 | . 2 15 Power . | . . . Propulsion 3 | . . 3 Utility 5 | . . 5 Weapon 8 | . 2 6 Tool/Special 1 | . . 1 Average Slot Usage (%) 97 | . 99 95 Engine 8 | . 11 4 Core 4 | . 2 6 Treads 3 | . . 7 Wheel 25 | . 28 23 Device 12 | . 14 11 Storage 12 | . 14 11 Protection 4 | . . 9 Ballistic Gun 23 | . 27 20 Peak Build Rating 17 | 7 10 17 Average Rating 10 | 5 8 14 On Entrance 5 | . 7 10 Avg Prop Armor Cover (%) 9 | . . 9 Naked Turns . | . . . Heaviest Build 57 | 15 50 57 Greatest Support 42 | 32 32 42 Greatest Overweight (x) 5 | . 1 5 Average Overweight (x) . | . . 1 Largest Inventory Capacity 20 | 8 20 20 Average Capacity 16 | 7 14 20 Most Carried 20 | 5 10 20 Average Carried 11 | 3 7 16 Final Capacity 20 | 8 20 20 Final Carried 20 | 5 10 20 Class Distribution -------------------- 91% | Mutant 8% | Scavenger-Mutant Dominant Class ---------------- Mutant | -10/Materials Mutant | -9/Materials Resources | -11 -10 -9 ----------- Run | Yrd Mat Mat Matter Collected 1006 | 294 184 528 Remotely . | . . . Salvage Created 1066 | 71 294 701 Parts 75 | 6 20 49 Haulers Intercepted 2 | . . 2 Recyclers Shooed 2 | 1 . 1 Parts Field Recycled . | . . . Retrieved Matter . | . . . Parts Self-Destructed . | . . . Prevented . | . . . Parts Restored . | . . . Kills | -11 -10 -9 ------- Run | Yrd Mat Mat Combat Hostiles Destroyed 27 | . 8 19 Guns 18 | . 8 10 AOE 9 | . . 9 Classes Destroyed 8 | 1 3 4 Tunneler 3 | 3 . . Hauler 2 | . . 2 Recycler 1 | . . 1 Watcher 2 | . 1 1 Swarmer 10 | . 3 7 Grunt 12 | . 5 7 Duelist 1 | . . 1 Sentry 4 | . . 4 Best Kill Streak 7 | 3 3 7 Combat Bots Only 7 | . 2 7 Max Kills in Single Turn 3 | 1 1 3 Gunslinging 1 | . . 1 Exploded 3 | . . 3 Melee . | . . . Uniques/NPCs Destroyed . | . . . Combat | -11 -10 -9 -------- Run | Yrd Mat Mat Hostile Shots Fired 129 | . 48 81 Missed 39 | . 14 25 Hits 90 | . 34 56 Melee 2 | . . 2 Projectile 88 | . 34 54 Critical Strikes 1 | . . 1 Damage Taken 1152 | . 433 719 Core 162 | . 54 108 Absorbed by Shields . | . . . Redirected to Shielding 52 | . . 52 Core Remaining (%) 89 | 100 78 . Volleys Fired 95 | 8 39 48 Largest 2 | 2 2 2 Hottest 70 | 70 70 53 Shots Fired 186 | 16 78 92 Gun 179 | 16 78 85 Cannon . | . . . Launcher 7 | . . 7 Special . | . . . Kinetic 166 | 8 73 85 Thermal 13 | 8 5 . Explosive 7 | . . 7 Electromagnetic . | . . . Robot Hit Streak 11 | 8 6 11 Robot Miss Streak 5 | 3 5 4 Penetration Max . | . . . Secondary Targets 1 | . . 1 Max Gunslinging Chain 1 | . . 1 Shots Hit Robots 119 | 9 46 64 Core Hits 57 | 3 18 36 Critical Kills 1 | . 1 . Critical Parts Destroyed 2 | . 1 1 Critical Strikes 4 | 1 2 1 Burn 1 | 1 . . Destroy 3 | . 2 1 Melee Attacks . | . . . Impact . | . . . Slashing . | . . . Piercing . | . . . Sneak Attacks . | . . . Combat Hostiles . | . . . Follow-up Attacks . | . . . Damage Inflicted 2158 | 109 486 1563 Guns 1518 | 109 486 923 Cannons . | . . . Explosions 640 | . . 640 Melee . | . . . Ramming . | . . . Kinetic 1429 | 58 448 923 Thermal 89 | 51 38 . Explosive 640 | . . 640 Electromagnetic . | . . . Impact . | . . . Slashing . | . . . Piercing . | . . . Highest Corruption 2 | . 2 . Average Corruption 1 | . 1 . Corruption Purged . | . . . Corruption Blocked . | . . . Effects 2 | . 2 . Message Errors 2 | . 2 . Overload Shots . | . . . Overflow Damage 15 | . . 15 Projectiles . | . . . Explosions 15 | . . 15 Melee . | . . . Knockbacks . | . . . Impact . | . . . Kinetic . | . . . Secondary . | . . . Self-Inflicted Damage 20 | . . 20 Shots 1 | . . 1 Rammed . | . . . Targets Rammed . | . . . Kicked . | . . . Crushed . | . . . Highest Temperature 63 | 63 27 22 Average Temperature 17 | 34 9 6 Received Heat Transfer 447 | . 213 234 Siege Activations . | . . . Martial Activations . | . . . Shielding Activations . | . . . Robots Disrupted . | . . . Combat Hostiles . | . . . Robots Corrupted . | . . . Combat Hostiles . | . . . Parts Fried . | . . . Impact Corruptions . | . . . Robots Melted . | . . . Combat Hostiles . | . . . Parts Melted 2 | 1 1 . Heat Transferred 333 | 222 111 . Parts Sabotaged . | . . . Parts Stolen . | . . . Parts Stripped . | . . . Power Chain Reactions . | . . . Alert | -11 -10 -9 ------- Run | Yrd Mat Mat Maximum Alert Level 1 | . . 1 Low Security (%) 82 | 100 100 61 Level 1 17 | . . 38 Level 2 . | . . . Level 3 . | . . . Level 4 . | . . . Level 5 . | . . . High Security . | . . . Max Security . | . . . Peak Influence 258 | 10 77 258 Initial . | . . . Average 85 | . 17 169 Influence Increases 858 | 15 245 598 Destroy 0b10 Robot/C 540 | . 160 380 Destroy 0b10 Robot/NC 40 | 15 5 20 Destroy Leader 118 | . 32 86 Successful Hack 23 | . 17 6 Disable Machine 60 | . . 60 Destroy Structure 32 | . 1 31 Lose Combat Pursuer 45 | . 30 15 Influence Decreases 632 | 15 245 372 Time Decay 565 | 15 228 322 Lost Part 50 | . . 50 Purge Threat 17 | . 17 . Squads Dispatched 2 | . 1 1 Investigation 1 | . . 1 Extermination . | . . . Reinforcement 1 | . 1 . Assault . | . . . Garrison . | . . . Intercept . | . . . Searches Triggered . | . . . Construction Impeded . | . . . Haulers Reinforced . | . . . Active Scanning Responses . | . . . Cargo Convoy Interrupts . | . . . Stealth | -11 -10 -9 --------- Run | Yrd Mat Mat Distress Signals 4 | . 3 1 Communications Jammed . | . . . Distress Signals . | . . . Times Spotted 43 | . 15 28 Peak Tracking Total 8 | . 4 8 Tactical Retreats 3 | . 2 1 Traps | -11 -10 -9 ------- Run | Yrd Mat Mat Traps Triggered 3 | . 2 1 Indirectly . | . . . Trap Hack Attempts . | . . . Triggered . | . . . Disarmed . | . . . Reprogrammed . | . . . Reused . | . . . Traps Extracted . | . . . Installed . | . . . Triggered . | . . . Machines | -11 -10 -9 ---------- Run | Yrd Mat Mat Machines Disabled 4 | . . 4 Max in Single Turn 2 | . . 2 Machines Repaired . | . . . Machines Dismantled . | . . . Machines Sabotaged . | . . . Overloaded Fab Kills . | . . . Hacking | -11 -10 -9 --------- Run | Yrd Mat Mat Machines Accessed 9 | . 5 4 Terminals 8 | . 5 3 Fabricators . | . . . Repair Stations . | . . . Recycling Units . | . . . Scanalyzers 1 | . . 1 Garrison Access . | . . . Total Hacks 23 | . 15 8 Successful 11 | . 7 4 Failed 11 | . 8 3 Catastrophic 2 | . 2 . Database Lockouts 1 | . . 1 Manual 18 | . 12 6 Terminals 21 | . 15 6 Fabricators . | . . . Repair Stations . | . . . Recycling Units . | . . . Scanalyzers 2 | . . 2 Garrison Access . | . . . Terminal Hacks 4 | . 3 1 Prototype ID Bank 1 | . 1 . Unreport Threat 1 | . 1 . Hauler Manifests 2 | . 1 1 Fabricator Hacks . | . . . Repair Station Hacks . | . . . Recycling Unit Hacks . | . . . Scanalyzer 1 | . . 1 Retrieve Study 1 | . . 1 Garrison Access Hacks . | . . . Unauthorized Hacks 6 | . 4 2 Terminals 6 | . 4 2 Assimilate 3 | . 3 . Botnet 2 | . . 2 Skim 1 | . 1 . Fabricators . | . . . Repair Stations . | . . . Recycling Units . | . . . Scanalyzers . | . . . Garrison Access . | . . . Data Cores Recovered . | . . . Used . | . . . Hacking Detections 6 | . 4 2 Full Trace Events . | . . . Feedback Events . | . . . Feedback Blocked . | . . . Robot Schematics Acquired . | . . . Robots Built . | . . . Authchips . | . . . Time . | . . . Total Robot Build Rating . | . . . Part Schematics Acquired . | . . . Parts Built . | . . . Authchips . | . . . Time . | . . . Total Part Build Rating . | . . . Part Studies Acquired . | . . . Parts Repaired . | . . . Time . | . . . Parts Recycled . | . . . Recycled Matter . | . . . Retrieved Matter . | . . . Retrieved Components . | . . . Parts Scanalyzed . | . . . Part Schematics Acquired . | . . . Parts Damaged . | . . . Bothacking | -11 -10 -9 ------------ Run | Yrd Mat Mat Used RIF Installer . | . . . Robots Hacked . | . . . Non-combat . | . . . Combat . | . . . Robot Hacks Applied . | . . . Relay Couplers Released . | . . . Fabnet Peak Effective % . | . . . Robots Rewired . | . . . Allies Hacked . | . . . Hacks Repelled . | . . . Allies | -11 -10 -9 -------- Run | Yrd Mat Mat Total Allies . | . . . Largest Group . | . . . Highest-Rated Group . | . . . Highest-Rated Ally . | . . . Total Orders . | . . . Ally Attacks . | . . . Total Damage . | . . . Kills . | . . . Allies Corrupted . | . . . Allies Melted . | . . . Intel | -11 -10 -9 ------- Run | Yrd Mat Mat Active Infowar (turns) 1628 | 12 843 773 Terrain 239 | . 239 . Seismic 1389 | 12 604 773 Robot Analysis Total . | . . . Derelict Logs Recovered . | . . . Drone Launches . | . . . Drone Recoveries . | . . . Exploration | -11 -10 -9 ------------- Run | Yrd Mat Mat Turns Passed 1703 | 87 843 773 Spaces Moved 1146 | 48 607 491 Core 1 | 1 . . Treads . | . . . Legs . | . . . Wheels 1145 | 47 607 491 Hover . | . . . Flight . | . . . Fastest Speed 50 | 50 100 105 Average Speed 109 | 98 108 111 Slowest Speed 155 | 100 115 155 Overloaded Moves . | . . . Propulsion Burnouts . | . . . Robots Hopped . | . . . Potential Cave-ins . | . . . Cave-ins Triggered . | . . . Exploration Rate (%) 42 | 3 79 44 Regions Visited 2 Branch Regions . Pre-discovered Areas . | . . . Known Exits Taken . | . . . Unknown Exits Taken 2 | 1 1 . Scrap Searched . | . . . Spaces Dug . | . . . Terrain Destroyed 31 | . . 31 Melee . | . . . Projectile . | . . . AOE 31 | . . 31 Terrain Rammed . | . . . Walls Destroyed . | . . . Machines Disabled . | . . . Actions | -11 -10 -9 --------- Run | Yrd Mat Mat Total 1414 | 68 725 621 Wait 99 | . 55 44 Move 1144 | 47 606 491 Hop . | . . . Pick Up 33 | 6 10 17 Fast Attach 8 | 6 . 2 Attach 10 | 1 3 6 Detach 1 | . 1 . Swap 14 | . 5 9 Drop 10 | . 6 4 Fire 95 | 8 39 48 Melee . | . . . Ram . | . . . Kick . | . . . Crush . | . . . Escape Stasis . | . . . Rewire . | . . . Trap . | . . . Miscellaneous . | . . . Route ------- -11/Scrapyard -10/Materials (discovered 5 exits: *Mat x2 / [*Min x2] / [*Sub]) -9/Materials (discovered 2 exits: [*Mat x2]) History --------- Turn | Location | Event 14 | -11/Scrapyard | Discovered new exit (range 14) 88 | -11/Scrapyard | Entered Materials 227 | -10/Materials | Discovered new exit (range 15) 308 | -10/Materials | Build established: Mutant 340 | -10/Materials | Discovered new exit (range 15) 545 | -10/Materials | Discovered new exit (range 15) 721 | -10/Materials | Discovered new exit (range 10) 926 | -10/Materials | Discovered new exit (range 11) 931 | -10/Materials | Entered another Materials area 931 | -9/Materials | Evolved 2 slots: Propulsion x1, Utility x1 1014 | -9/Materials | Destroyed 7 combat bots 1278 | -9/Materials | Discovered new exit (range 10) 1581 | -9/Materials | Discovered new exit (range 7) 1627 | -9/Materials | Central database locked down 1704 | -9/Materials | Self-destructed Last Messages --------------- 01453_ Acquired 41 matter. 01454_ U-05 Engineer lays Concrete. 01454_ R-06 Scavenger collects Aluminum Leg. 01455_ U-05 Engineer lays Concrete. 01495_ Weapon Shielding destroyed. 01497_ Y-45 Defender destroyed. 01500_ Acquired 59 matter. 01542_ Dropped Faulty Imp. Assault Rifle. 01559_ Y-45 Defender destroyed. 01562_ Acquired 24 matter. 01570_ Acquired 10 matter. 01581_ EXIT=FOUND 01610_ Critical hit (Burn: +37). 01612_ Y-45 Defender destroyed. 01617_ Acquired Hvy. Assault Rifle. 01619_ Acquired 24 matter. 01627_ Connecting with Scanalyzer... >>Study(Katana) Identified Katana... 01627_ ALERT: Central database lockdown, local access denied. Map ----- +----------------------------------------------------+ | " ##### #?????????# """ #??# """"" # # | | " #???# #?????????? """ #??# """"" # # | | #???# #???????????? ????# """"" # # | | +####### #???????????###+###???# # #### | | #???????????# ##########+### #??? | | ############# #??? | | T #??? | | ######################## #??? | | ???????????????????????# ###+##############??? | | ##?????????????????????## ## #?????????? | | "########################w ## #?????????? | | ## #?????????? | | ## """ """ #?????????? | | " ## """ """ #?????????? | | " ###+#### "" ## """ """ #?????????? | | " #??????# " ## #?????????? | | #??????# " # #?????????? | | " #??????# ###########?????????? | | #??????# #???????????????????? | | #??????# % #???????????????????? | | +??????# "" """ #???????????????????? | | ##+##??????# " " " #???????????????????? | | ???????????# "" #???????????????????? | | ???????????#" " " #######?????????????? | | ???????????#T " # #?????????????? | | ???????????#" @ %* #?????????????? | | ???????????# ! ! != #?????????????? | | ???????????# [ = #?????????????? | | ???????????################### #?????????????? | | ?????????????????##?####?????## #########??????? | | ??????????????????????????????# # #??????? | | ??????????????????????????????# # """ #??????? | | ??????????????????????????????# + """ #??????? | | ??????????????????????????????# # """ #??????? | | ??????????????????????????????# # #??????? | | ??????????????????????????????# #########??????? | | ????????????????????????????####+#####???????????? | | ????????????????????????????# #???????????? | | ????????????????????????????# #???????????? | | ????????????????????????????# #???????????? | | ????????????????????????????# #???????????? | | ????????????????????????????# #???????????? | | ????????????????????????????# #???????????? | | ????????????????????????????# #???????????? | | ????????????????????????????# #???????????? | | ????????????????????????????# = #?########??? | | ????????????????????????????########+#?# ?? ? | | ???????????????????????????????????#=#?# # | | ?????????????????????????????????### ### """" # | | ?????????????????????????????????# # """" # | +----------------------------------------------------+ Best States ------------- Heat Dissipation 28 Energy Generation 14 Energy Capacity 250 Matter Stores 300 Matter Capacity 300 Sight Range 16 Terrain Scan Range 14 Terrain Scan Density 10 Armor Coverage 225 Weapon Shielding 33 Evasion (%) 40 Recoil Reduction 1 Item Schematics ----------------- None Robot Schematics ------------------ None Fabricated ------------ Nothing Repaired ---------- Nothing Studied --------- None Alien Tech Used ----------------- None Achievements -------------- None Challenges ------------ None Game ------ Seed GravmagResetFocus Manual? 0 Play Time 00:24:41 Cumulative 125.6 hours Start 2026.04.30 @ 11:58:24 End 2026.05.01 @ 09:03:19 Sessions 2 Manual Loads 0 Difficulty Rogue Special Mode None Game No. 105 Rogue 102 Adventurer 0 Explorer 3 Win Type - Total 1 Types 1/0/0/0/0/0/0/0/0/0 Lore% 25 Gallery% 44 Achievement% 26 Wizard Run 0 Options --------- Layout 0 ASCII 0 Keyboard 0 Movement Numpad Keybinds 0 Fullscreen 2 Font 16/SmallcapsGlow Map View 88x55 Zoom Use 0% Tactical HUD 1 Map Filters NONE Filters NONE Steam 1 RUN: 0b6dafeb-465f-482c-8153-09c187f17e1f